 Dungeon Crawl Stone Soup version 0.31-a0-187-gba352fbbf7 (webtiles) character file.

Game seed: 23631184899734981

410 qw the Skirmisher (level 6, -2/36 HPs)
             Began as a Deep Elf Hunter on June 22, 2023.
             Succumbed to a scorpion's poison
             ... on level 4 of the Dungeon.
             The game lasted 00:01:19 (2804 turns).

qw the Skirmisher (Deep Elf Hunter)                 Turns: 2804, Time: 00:01:20

Health: -2/36      AC:  6    Str: 10    XL:     6   Next: 58%
Magic:  8/8        EV: 13    Int: 14    God:
Gold:   252        SH:  0    Dex: 18    Spells: 5/5 levels left

rFire   . . .        Y - +0 shortbow
rCold   . . .        (shield currently unavailable)
rNeg    . . .        c - +0 leather armour
rPois   .            (no helmet)
rElec   .            d - +2 cloak
rCorr   .            (no gloves)
SInv    .            (no boots)
Will    .....        h - amulet of regeneration
Stlth   ++           (no ring)
HPRegen 1.06/turn    (no ring)
MPRegen 0.11/turn

%: no passive effects
@: lethally poisoned (-2 -> -15), about to teleport
A: no striking features
a: no special abilities


You were on level 4 of the Dungeon.
You visited 1 branch of the dungeon, and saw 4 of its levels.

You collected 252 gold pieces.


   Skills:
 - Level 2.8 Fighting
 + Level 9.4 Ranged Weapons
 - Level 3.3 Dodging
 - Level 1.2 Stealth


You had 5 spell levels left.
You didn't know any spells.
Your spell library was empty.

Inventory:

Hand Weapons
 Y - a +0 shortbow (weapon)
Armour
 b - the +0 leather armour "Isatzi" {rElec rF- Int+3 Dex+3}
   (You found it on level 4 of the Dungeon)

   Int:       It affects your intelligence (+3).
   Dex:       It affects your dexterity (+3).
   rF:        It makes you vulnerable to fire.
   rElec:     It insulates you from electricity.
 c - a +0 leather armour (worn)
 d - a +2 cloak (worn)
 l - a +0 ring mail
Jewellery
 e - a ring of ice
 h - an amulet of regeneration (around neck)
Scrolls
 a - a scroll of identify
 f - 2 scrolls of teleportation
 j - a scroll of enchant weapon {unknown}
 k - a scroll of blinking {unknown}
Potions
 g - a potion of attraction {unknown}
 i - a potion of enlightenment

Dungeon Overview and Level Annotations

Branches:
Dungeon (4/15)
 Temple: D:4-7

Altars:
Kikubaaqudgha
Wu Jian

Annotations:
D:4 Natasha


Message History

The scorpion barely misses you.
You shoot an arrow. The arrow hits the scorpion.
The scorpion is heavily wounded.
You feel sick. The scorpion misses you. The orc misses you.
You shoot an arrow. The arrow hits the scorpion.
The scorpion is severely wounded.
You feel sick. The scorpion stings you.
You shoot an arrow. The arrow hits the scorpion.
The scorpion is severely wounded.
You feel sick. The scorpion stings you.
You are more poisoned.
The scorpion poisons you! The orc hits you with a +0 mace.
The scorpion barely misses you.
You shoot an arrow.
The arrow hits the scorpion but does no damage.
The scorpion is severely wounded.
You feel very sick. The scorpion stings you.
You are more poisoned.
The scorpion poisons you!
You shoot an arrow.
The arrow hits the scorpion but does no damage.
The scorpion is severely wounded.
You feel very sick. The scorpion misses you. The orc hits you with a +0 mace.
You shoot an arrow. The arrow barely misses the scorpion.
You feel very sick. The scorpion stings you.
You are lethally poisoned!
The scorpion poisons you! The orc barely misses you.
You shoot an arrow.
The arrow hits the scorpion but does no damage.
The scorpion is severely wounded.
You feel very sick. The scorpion stings you. The orc completely misses you.
A dart slug comes into view.
2804 ||| READING 3 scrolls of teleportation.
As you read the scroll of teleportation, it crumbles to dust.
You feel strangely unstable.
You die...

....#### .......#
.....w .......#
.....# .......##
.)...# .....>..#
....# ........#
...# ......###
##o.# ....###
##so# ####.##
##.@# # ##..####
##..##
##......####..##
##..#####......##
#..##
####....######
....# ##.%.......
....# ##........
...## #.#######
..## #.....###


You could see a scorpion, a dart slug (wandering) and 2 orcs.

Vanquished Creatures
  A sky beast (D:4)
  A hound (D:3)
  A gnoll bouda (D:2)
  An orc wizard (D:4)
  Natasha (D:4)
  6 gnolls (D:2)
  6 adders
  3 worms
  4 dart slugs
  5 orcs (D:4)
  7 bats
  8 endoplasms
  7 giant cockroaches
  9 goblins
  2 hobgoblins (D:1)
  3 jackals (D:2)
  3 quokkas
  5 ball pythons
  4 frilled lizards
  10 kobolds
  3 rats
90 creatures vanquished.

Vanquished Creatures (others)
  A human (D:3)
1 creature vanquished.

Grand Total: 91 creatures vanquished

Notes
Turn   | Place    | Note
-------+----------+-------------------------------------------
     0 | D:1      | qw the Deep Elf Hunter began the quest for the Orb.
     0 | D:1      | Reached XP level 1. HP: 12/12 MP: 3/3
     0 | D:1      | 0 ||| qw: Version: 0.3-a-9-g12657ce
     0 | D:1      | 0 ||| qw: Game counter: 2710
     0 | D:1      | 0 ||| qw: Always use a shield: true
     0 | D:1      | 0 ||| qw: God list: Okawaru
     0 | D:1      | 0 ||| qw: Allow faded altars: false
     0 | D:1      | 0 ||| qw: Do Orc after D:15 true
     0 | D:1      | 0 ||| qw: Do second Lair branch before Depths: true
     0 | D:1      | 0 ||| qw: Lair rune preference: random
     0 | D:1      | 0 ||| qw: Plans: Normal
     0 | D:1      | 0 ||| PLANNING D:1-11
   378 | D:1      | Reached skill level 6 in Ranged Weapons
   378 | D:1      | Reached XP level 2. HP: 16/16 MP: 4/4
   825 | D:1      | 825 ||| UPGRADING to +2 cloak.
   830 | D:1      | 830 ||| UPGRADING to amulet of regeneration.
   835 | D:1      | 835 ||| READING 3 scrolls labelled XOLOACH RURIL.
   836 | D:1      | 836 ||| READING scroll labelled DOELIFF HEGI.
   837 | D:1      | 837 ||| READING 2 scrolls labelled GIOJIR FYSOGHU.
   838 | D:1      | 838 ||| READING scroll labelled ADOVVU ZOGENG.
   843 | D:1      | 843 ||| READING scroll labelled BUSTRA WUFA.
   844 | D:1      | 844 ||| READING scroll labelled VUKLUETALE.
   845 | D:1      | 845 ||| READING 2 scrolls of identify.
   845 | D:1      | 845 ||| IDENTIFYING cyan potion
   846 | D:1      | 846 ||| DROPPING scroll of butterflies.
   847 | D:1      | 847 ||| DROPPING scroll of vulnerability.
   848 | D:1      | 848 ||| DROPPING potion of lignification.
   896 | D:2      | Reached XP level 3. HP: 20/20 MP: 5/5
   904 | D:2      | Reached skill level 7 in Ranged Weapons
   904 | D:2      | 904 ||| FLEEEEING.
   905 | D:2      | 905 ||| FLEEEEING.
  1013 | D:2      | Reached XP level 4. HP: 25/25 MP: 6/6
  1081 | D:2      | Reached skill level 8 in Ranged Weapons
  1181 | D:2      | Reached XP level 5. HP: 29/29 MP: 7/7
  1568 | D:2      | 1568 ||| READING scroll labelled CONNIA FISIUS.
  1751 | D:3      | Reached skill level 9 in Ranged Weapons
  1867 | D:3      | Identified the +9 dagger of Fomimal {heavy, Dex+2}
  2092 | D:3      | Found an ancient bone altar of Kikubaaqudgha.
  2093 | D:3      | Noticed a human
  2095 | D:3      | Killed a human
  2203 | D:3      | 2203 ||| READING scroll labelled CAF MENYTA.
  2204 | D:3      | 2204 ||| DRINKING 2 sapphire potions.
  2205 | D:3      | 2205 ||| READING 2 scrolls of identify.
  2205 | D:3      | 2205 ||| IDENTIFYING emerald potion
  2206 | D:3      | 2206 ||| DROPPING potion of magic.
  2222 | D:4      | Noticed Natasha
  2234 | D:4      | Killed Natasha
  2235 | D:4      | Reached skill level 3 in Dodging
  2251 | D:4      | Reached XP level 6. HP: 35/35 MP: 8/8
  2276 | D:4      | Identified the +0 leather armour "Isatzi" {rElec rF- Int+3
                  | Dex+3}
  2283 | D:4      | Found an ornate altar of the Wu Jian Council.
  2303 | D:4      | 2303 ||| Stepping ~*~*~tactically~*~*~ (outnumbered).
  2310 | D:4      | Noticed a sky beast
  2320 | D:4      | HP: 7/35 [orc priest/+0 short sword (3)]
  2321 | D:4      | 2321 ||| READING 4 scrolls of teleportation.
  2556 | D:4      | Killed a sky beast
  2782 | D:4      | Noticed Natasha
  2803 | D:4      | HP: 5/36 [poisoned by a scorpion]
  2803 | D:4      | HP: 2/36 [scorpion (3)]
  2804 | D:4      | 2804 ||| READING 3 scrolls of teleportation.
  2804 | D:4      | Succumbed to a scorpion's poison

Levels and vault maps discovered:
D:1:      shiori_arrival_elements, layout_loops_corners, skrybe_limestone_x,
          amcnicky_mini_pool_small
D:2:      layout_loops_ring
D:3:      layout_rooms, tgw_kikubaaqudgha
D:4:      layout_cave_pods, nicolae_overflow_crystal_walls, uniq_natasha

Skill      XL: |  1  2  3  4  5  6 |
---------------+-------------------+-----
Ranged Weapons | 6 7 8 9 |  9.4
Dodging        | 3 |  3.3
Fighting       | 2 |  2.8
Stealth        | |  1.2

Action                     |  1- 3 |  4- 6 || total
---------------------------+-------+-------++-------
   Fire: Shortbow          |   106 |   233 ||   339
    Use: Scroll            |     7 |     5 ||    12
         Potion            |       |     1 ||     1
 Armour: Leather armour    |     6 |    30 ||    36
  Dodge: Dodged            |    21 |    57 ||    78

Table legend:
 A = Non-vault XP
 B = Vault XP
 C = Vault XP percentage of total XP
 D = Non-vault monster count
 E = Vault monster count
 F = Vault count percentage of total count
                 A         B        C        D         E       F
            +---------+---------+-------+---------+---------+-------
      Total |     552 |      35 |   6.0 |      89 |       1 |   1.1
            +---------+---------+-------+---------+---------+-------
        D:1 |      37 |       0 |   0.0 |      22 |       0 |   0.0
        D:2 |     223 |       0 |   0.0 |      33 |       0 |   0.0
        D:3 |      70 |       0 |   0.0 |      15 |       0 |   0.0
        D:4 |     222 |      35 |  13.6 |      19 |       1 |   5.0
            +---------+---------+-------+---------+---------+-------
